 Dungeon Crawl Stone Soup version 0.29-a0-284-gf9362112df (webtiles) character file.

Game seed: 16127965752973084931

1225 Dabor the Conjurer (level 8, -12/63 HPs)
             Began as a Black Draconian Conjurer on Mar 14, 2022.
             Was a Priest of Qazlal.
             Mangled by Duvessa
             ... wielding a +1 rapier of venom
              (21 damage)
             ... on level 5 of the Dungeon.
             The game lasted 00:15:30 (5592 turns).

Dabor the Conjurer (Black Draconian Conjurer)       Turns: 5592, Time: 00:15:31

Health: -12/63     AC:  8    Str: 10    XL:     8   Next: 23%
Magic:  3/14       EV: 13    Int: 21    God:    Qazlal [***...]
Gold:   210        SH:  3    Dex: 11    Spells: 9/16 levels left

rFire   . . .      SeeInvis .   w - +4 falchion
rCold   . . .      Faith    .   (no shield)
rNeg    . . .      Spirit   .   (body armour unavailable)
rPois   .          Reflect  .   (helmet restricted)
rElec   +          Harm     .   d - +1 cloak
rCorr   +          Rampage  .   (no gloves)
Will    .....                   (no boots)
Stlth   ++........              (no amulet)
HPRegen 0.20/turn               o - ring of resist corrosion
MPRegen 0.14/turn               (no ring)

@: lethally poisoned (-12 -> -13)
A: breathe lightning, AC +6, unfitting armour, electricity resistance,
cold-blooded, agile 1
a: Breathe Lightning, Renounce Religion, Upheaval, Elemental Force


You were on level 5 of the Dungeon.
You worshipped Qazlal.
Qazlal was most pleased with you.
You visited 1 branch of the dungeon, and saw 5 of its levels.

You collected 210 gold pieces.

Inventory:

Hand Weapons
 g - a +0 whip
 n - a +2 dagger of flaming
 w - a +4 falchion (weapon)
Missiles
 e - 20 poisoned darts
Armour
 d - a +1 cloak (worn)
Jewellery
 o - a ring of resist corrosion (left hand)
 u - a ring of protection from cold
Wands
 l - a wand of flame (20)
Scrolls
 c - 4 scrolls of identify
 i - 4 scrolls of noise
 p - 2 scrolls of enchant armour
 r - a scroll of magic mapping {unknown}
Potions
 a - a potion of magic
 f - a potion of mutation
 h - a potion of flight {unknown}
 j - a potion of haste {unknown}
 m - a potion of heal wounds {unknown}
 s - a potion of lignification {unknown}
 t - a potion of ambrosia {unknown}
 v - a potion of berserk rage {unknown}


   Skills:
 + Level 3.1 Fighting
 * Level 4.5 Dodging
 + Level 3.6 Stealth
 * Level 4.5 Spellcasting
 * Level 6.0 Conjurations
 + Level 1.2 Hexes
 + Level 3.1 Invocations


You had 9 spell levels left.
You knew the following spells:

 Your Spells              Type           Power      Damage    Failure   Level
a - Magic Dart            Conj           100%       1d8       1%          1
b - Searing Ray           Conj           60%        2d6       1%          2
c - Fulminant Prism       Conj/Hex       10%        3d9       26%         4

Your spell library contained the following spells:

 Spells                   Type           Power      Damage    Failure   Level
 Dazzling Flash           Conj/Hex       40%        N/A       8%          3
 Beastly Appendage        Tmut           8%         N/A       12%         1
 Wereblood                Tmut           4%         N/A       17%         2
 Summon Guardian Golem    Hex/Summ       7%         N/A       26%         3
 Iskenderun's Mystic Bla  Conj/Tloc      17%        2d5       32%         4
 Spider Form              Tmut/Pois      4%         N/A       34%         3
 Leda's Liquefaction      Hex/Erth       3%         N/A       65%         4
 Lee's Rapid Deconstruct  Erth           2%         3d5*      97%         5
 Statue Form              Tmut/Erth      2%         N/A       100%        6
 Orb of Destruction       Conj           15%        9d7       100%        7
 Spellforged Servitor     Conj/Summ      8%         N/A       100%        7


Dungeon Overview and Level Annotations

Branches:
Dungeon (5/15)
 Temple: D:4-7

Altars:
Nemelex Xobeh
Qazlal

Shops:
D:2 (

Annotations:
D:5 Duvessa


Innate Abilities, Weirdness & Mutations

You can breathe wild blasts of lightning.
Your glossy black scales are hard. (AC +6)
You cannot fit into any form of body armour.
You are resistant to electric shocks. (rElec)
You are cold-blooded and may be slowed by cold attacks.
You are agile. (Dex +2)


Message History

Look: Duvessa, wielding a +1 rapier of venom and wearing a +0 leather armour (moderately wounded, berserk)
You breathe a wild blast of lightning!
The orb of electricity explodes!
The orb of electricity engulfs you! You resist.
You hear a mighty clap of thunder! x2
You feel very sick. You block Duvessa's attack.
A scorpion comes into view.
You block Duvessa's attack.
Okay, then.
You feel better. You block Duvessa's attack.
It was a potion of mutation.
You feel extremely strange.
You feel agile. Duvessa closely misses you.
Duvessa hits you with a +1 rapier of venom!
You are poisoned.
You feel better.
Duvessa hits you with a +1 rapier of venom.
You are poisoned.
Aiming: Magic Dart (safe; 1% risk of failure)
Press: ? - help, Q - select action, (/) - cycle Shift-Dir - straight line, f/p - Duvessa
Aim: Duvessa, wielding a +1 rapier of venom and wearing a +0 leather armour (moderately wounded, berserk, 100% to hit)
Okay, then.
Duvessa attacks as you move away! You block Duvessa's attack.
You feel sick. Duvessa closely misses you.
As you read the scroll labelled OTOOGIRECH, it crumbles to dust.
The scroll dissolves into smoke.
It was a scroll of fog.
You feel sick. You block the scorpion's attack. Duvessa completely misses you.
As you read the scroll labelled ATUMI ABLINOL, it crumbles to dust.
It is a scroll of enchant armour.
Your +0 cloak glows green for a moment.
You have got your breath back.
You feel sick. Duvessa misses you. You block the scorpion's attack.
Duvessa hits you with a +1 rapier of venom!
* * * LOW HITPOINT WARNING * * *
The scorpion misses you.
As you read the scroll labelled PIHYAZUTTI, it crumbles to dust.
The creatures around you are filled with an inner flame!
It was a scroll of immolation.
You feel sick.
Duvessa hits you with a +1 rapier of venom!!
You die...

.... . #.. .. # #.. #
#..#.##.. .# #.
....#..##.#... .#.
..........# ...#
#§§.....# ....###s##
.....#§e@## #.).§§○§§#
#...§§§### ....###§## ###
...###...### ##.####
...........## ##.....###
............####.........
...........###...........
.................#.....#.


You could see Duvessa (berserk, inner flame) and a scorpion (inner flame).

Vanquished Creatures
  Sigmund (D:4)
  4 ogres
  A bullfrog (D:5)
  A necrophage (D:5)
  A gnoll sergeant (D:5)
  A scorpion (D:4)
  Dowan (D:5)
  A howler monkey (D:4)
  A hound (D:5)
  An orc priest (D:4)
  Jessica (D:2)
  2 iguanas
  2 orc wizards (D:4)
  Terence (D:2)
  5 gnolls (D:5)
  7 adders
  A worm (D:2)
  3 dart slugs
  11 orcs (D:4)
  3 endoplasms
  4 giant cockroaches
  8 goblins
  7 hobgoblins
  7 quokkas
  4 ball pythons
  3 bats
  3 frilled lizards
  7 kobolds
  7 rats
99 creatures vanquished.

Vanquished Creatures (others)
  2 fulminant prisms (D:5)
  7 withered plants (D:5)
9 creatures vanquished.

Grand Total: 108 creatures vanquished

Notes
Turn   | Place    | Note
-------+----------+-------------------------------------------
     0 | D:1      | Dabor the Draconian Conjurer began the quest for the Orb.
     0 | D:1      | Reached XP level 1. HP: 14/14 MP: 3/3
   311 | D:1      | Found a faded altar of an unknown god.
   494 | D:1      | Reached XP level 2. HP: 20/20 MP: 3/5
   991 | D:1      | Prayed at the altar of an unknown god.
   991 | D:1      | Became a worshipper of Qazlal Stormbringer
   991 | D:1      | Reached * piety under Qazlal
  1043 | D:2      | Reached XP level 3. HP: 27/27 MP: 3/6
  1053 | D:2      | Learned a level 2 spell: Searing Ray
  1217 | D:2      | Found Xikasid's Antique Weapon Shoppe.
  1236 | D:2      | Noticed Terence
  1311 | D:2      | Killed Terence
  1312 | D:2      | Reached XP level 4. HP: 23/34 MP: 0/7
  1452 | D:2      | Reached skill level 1 in Invocations
  1472 | D:2      | Noticed Jessica
  1474 | D:2      | Killed Jessica
  1477 | D:2      | Reached skill level 1 in Fighting
  1956 | D:3      | Reached ** piety under Qazlal
  2244 | D:3      | Reached XP level 5. HP: 38/40 MP: 4/9
  3042 | D:4      | Noticed an ogre
  3055 | D:4      | Killed an ogre
  3287 | D:4      | Noticed an ogre
  3332 | D:4      | Killed an ogre
  3333 | D:4      | Reached skill level 5 in Conjurations
  3333 | D:4      | Reached XP level 6. HP: 48/48 MP: 1/11
  3835 | D:4      | Noticed Sigmund
  3843 | D:5      | Entered Level 5 of the Dungeon
  3949 | D:4      | Killed Sigmund
  3950 | D:4      | Your scales start taking on a glossy black colour.
  3950 | D:4      | Reached XP level 7. HP: 41/56 MP: 4/12
  3950 | D:4      | Gained mutation: You are resistant to electric shocks.
                  | (rElec) [Black Draconian growth]
  4034 | D:4      | Learned a level 4 spell: Fulminant Prism
  4928 | D:5      | Found a sparkling altar of Nemelex Xobeh.
  5173 | D:5      | Reached skill level 1 in Hexes
  5173 | D:5      | Reached XP level 8. HP: 23/62 MP: 2/14
  5208 | D:5      | Reached *** piety under Qazlal
  5209 | D:5      | Reached skill level 6 in Conjurations
  5575 | D:5      | Noticed Duvessa
  5580 | D:5      | Killed Dowan
  5587 | D:5      | Gained mutation: You are agile. (Dex +2) [potion of
                  | mutation]
  5592 | D:5      | Mangled by Duvessa

Illustrated notes

Levels and vault maps discovered:
D:1:      mrwooster_arrival_statue_2, layout_loops_cross,
          hellmonk_ecumenical_altar_leap_of_faith, skrybe_limestone_x,
          minmay_pentomino_z4
D:2:      layout_rooms, serial_shops, nicolae_shop_crystal, uniq_terence,
          uniq_jessica
D:3:      layout_rooms, grunt_ministairs_5
D:4:      layout_loops_ring, grunt_ministairs_13, minmay_statues_item,
          uniq_sigmund
D:5:      minmay_clustersquares, layout_cave_pools, nemelex_dance_club_becter,
          mainiacjoe_overflow_divided_tiny, kiku_gazebo_garden_becter,
          serial_shops, nicolae_shop_advertising_works
          [nicolae_subvault_shop_adworks], uniq_duvessa

Skill      XL: |  1  2  3  4  5  6  7  8 |
---------------+-------------------------+-----
Stealth        | 2 3 |  3.6
Dodging        | 2 3 4 |  4.5
Invocations    | 1 2 3 |  3.1
Fighting       | 1 2 3 |  3.1
Spellcasting   | 3 4 |  4.5
Conjurations   | 5 6 |  6.0
Hexes          | 1 |  1.2

Action                   |  1- 3 |  4- 6 |  7- 9 || total
-------------------------+-------+-------+-------++-------
Melee: Unarmed           |    23 |       |       ||    23
       Tailslap          |     5 |     3 |     1 ||     9
       Whip              |    18 |       |       ||    18
       Punch             |     1 |       |       ||     1
       Dagger            |       |    14 |    10 ||    24
       Falchion          |       |       |     3 ||     3
 Cast: Magic Dart        |    46 |    93 |    18 ||   157
       Searing Ray       |     2 |     7 |    14 ||    23
       Fulminant Prism   |       |       |     2 ||     2
 Abil: Breathe Lightning |       |       |     4 ||     4
  Use: Scroll            |     3 |     1 |     3 ||     7
       Potion            |       |       |     4 ||     4
Armor: Skin              |    12 |     4 |    20 ||    36
Dodge: Dodged            |    28 |    19 |    47 ||    94
Block: Other             |     2 |     1 |    11 ||    14

Table legend: (Time is in decaauts)
 A = Elapsed time spent in this place.
 B = Non-inter-level travel time spent in this place.
 C = Inter-level travel time spent in this place.
 D = Time resting spent in this place.
 E = Time spent auto-exploring this place.
 F = Levels seen in this place.
 G = Mean time per level.
                   A        B        C        D        E       F      G
               +--------+--------+--------+--------+--------+-----+--------+
         Total |   5596 |   5417 |    179 |   1415 |   3251 |   5 | 1119.2 |
       Dungeon |   5596 |   5417 |    179 |   1415 |   3251 |   5 | 1119.2 |
               +--------+--------+--------+--------+--------+-----+--------+

Top non-repeatable levels by time:
     D:4: 1938 daAuts
     D:1: 1039 daAuts
     D:3: 922 daAuts
     D:2: 878 daAuts
     D:5: 817 daAuts
